 Dungeon Sprint DCSS version 0.30-a0-996-ga6910c8ee8 (webtiles) character file.

Game seed: 13587364704451918364

5624 DiggyJ the Brawler (level 10, -1/111 HPs)
             Began as a Troll Berserker on Apr 4, 2023.
             Was the Champion of Trog.
             Killed from afar by a crystal guardian (29 damage)
             ... with a crystal bolt
             ... in the Dungeon (Sprint II: "The Violet Keep of Menkaure").
             The game lasted 00:05:47 (891 turns).

DiggyJ the Brawler (Troll Berserker)                 Turns: 891, Time: 00:05:49

Health: -1/111     AC:  4    Str: 31    XL:     10   Next: 46%
Magic:  9/9        EV: 13    Int:  3    God:    Trog [******]
Gold:   554        SH:  5    Dex: 11    Spells: 9/9 levels left

rFire   . . .      SeeInvis .      - Unarmed
rCold   . . .      Faith    .    (no shield)
rNeg    . . .      Spirit   .    a - +0 animal skin
rPois   +          Reflect  +    (helmet restricted)
rElec   .          Rampage  .    (no cloak)
rCorr   .          NoTele   +    (gloves unavailable)
Will    .....                    (boots unavailable)
Stlth   +                        b - amulet of the Healing Enemy {Reflect rPois Dex+2 SH+5}
HPRegen 1.18/turn                (no ring)
MPRegen 0.11/turn                (no ring)

@: hasted and slowed, unable to read
A: large, unfitting armour, claws 3, regeneration 1, shaggy fur 1, tough skin 1,
inability to read after injury 1
a: Renounce Religion, Berserk, Trog's Hand, Brothers in Arms


You were in the Dungeon.
You worshipped Trog.
Trog was exalted by your worship.
You visited 1 branch You collected 1053 gold pieces.
You spent 499 gold pieces at shops.

Inventory:

Armour
 a - a +0 animal skin (worn)
Jewellery
 b - the amulet of the Healing Enemy (around neck) {Reflect rPois Dex+2 SH+5}
   (You bought it in a shop in the Dungeon)

   [amulet of reflection]

   It reflects blocked missile attacks.
   Dex:       It affects your dexterity (+2).
   rPois:     It protects you from poison.
   SH:        It affects your SH (+5).
Scrolls
 c - a scroll of immolation {unknown}
Potions
 e - 2 potions of magic
 f - a potion of berserk rage


   Skills:
 + Level 10.6 Fighting
 + Level 11.2 Dodging
 + Level 0.3 Stealth
 + Level 0.4 Shields
 + Level 18.0 Unarmed Combat


You had 9 spell levels left.
You didn't know any spells.
Your spell library contained the following spells:

 Spells                   Type           Power      Damage    Failure   Level
 Leda's Liquefaction      Hex/Erth       0%         N/A       99%         4
 Statue Form              Tmut/Erth      0%         N/A       100%        6
 Shatter                  Erth           0%         3d5*      100%        9


Dungeon Overview and Level Annotations

Branches:
Dungeon (1/1)

Altars:
Cheibriados
Dithmenos
Elyvilon
Fedhas
Hepliaklqana
Kikubaaqudgha
Makhleb
Nemelex Xobeh
Qazlal
Ru
Sif Muna
Trog
Uskayaw
Vehumet
Wu Jian
Xom
Yredelemnul
Zin
The Shining One
Jiyva
Lugonu

Shops:
D *:!:=([[!!!*:?=?

Annotations:
D exclusions: obsidian statue, oklob plant and orange crystal statue


Innate Abilities, Weirdness & Mutations

You are too large for most types of armour.
You have claws for hands.
Your natural rate of healing is unusually fast.
You are covered in fur. (AC +1)
You have tough skin. (AC +1)
You occasionally lose the ability to read scrolls when taking damage.


Message History

The swamp drake is no longer moving slowly.
A crystal guardian comes into view.
You feel very sick.
The swamp drake roars!
You hear a roar!
You hear an angry hiss.
You feel very sick.
A swamp drake comes into view.
You feel sick.
You feel sick.
You enter the shallow water.
You feel sick. The death drake breathes miasma at you.
The foul vapour misses you.
You see here a +6 antimagic rapier.
Found a dagger, a spear and a scroll labelled QINAWYPNAPNA.
Found a blossoming altar of Fedhas and a sparkling altar of Nemelex Xobeh.
You are engulfed in dark miasma.
You feel yourself slow down.
You feel sick.
There is an open door here.
You enter the shallow water.
You are engulfed in dark miasma.
You feel as though you will be slow longer.
You feel sick. The death drake bites you.
You see here a +6 antimagic rapier.
Really walk into a travel-excluded area?
You feel sick. The death drake breathes miasma at you.
The foul vapour engulfs you!
You feel as though you will be slow longer.
The crystal guardian fires a crystalline bolt at you.
The crystal bolt burns you!!
You feel threatened and lose the ability to read scrolls!
* * * LOW HITPOINT WARNING * * *
The death drake breathes miasma at you. The foul vapour misses you.
You feel yourself speed up.
You are engulfed in dark miasma.
* * * LOW HITPOINT WARNING * * *
You feel sick.
You are no longer poisoned.
The death drake barely misses you.
A death drake comes into view.
The crystal guardian fires a crystalline bolt at you.
The crystal bolt freezes you!!
You die...

##+##..#..####.# .#
#.#.##.####).'.##k#
.†#..#....#..#†..#### ##.#
###..#####†9##.# ##†#
#.##..#.:†..#.)#
##.###..#..#..#..#..# ?
'.<.'##.+..####.°##.# ))!
##.##.#.#....###°k°##▓▓▓▓
##†###.##...§..°@°~~~~~~~~
#.#.####~~§....°#°########
.###.#~~~§~~~§°~#.°_._._.#
# #.##~~~§~~§~.~#._._._..#
##+##~~~§§§~§~~~#_._._._.#
~~§§§§~~§§§§§§§§#._._._._#
++#§§§#~≈≈≈§§§§§#.._._._.#
§§§~~~##≈≈§###≈≈#..._._._
.§~§~§§##§≈# #§§#...._._.


You could see 2 death drakes and a crystal guardian.

Vanquished Creatures
  Roxanne (D)
  2 hell hogs (D)
  2 unseen horrors (D)
  A yaktaur (D)
  3 polar bears (D)
  A hornet (D)
  4 neqoxecs (D)
  2 wyverns (D)
  2 redbacks (D)
  Menkaure (D)
  2 water moccasins (D)
  4 necrophages (D)
  5 scorpions (D)
30 creatures vanquished.

Vanquished Creatures (others)
  A swamp drake (D)
1 creature vanquished.

Grand Total: 31 creatures vanquished

Notes
Turn   | Place    | Note
-------+----------+-------------------------------------------
     0 | D        | DiggyJ the Troll Berserker began the quest for the Orb.
     0 | D        | Reached XP level 1. HP: 22/22 MP: 0/0
     1 | D        | Noticed a neqoxec
     1 | D        | Noticed a neqoxec
     6 | D        | Killed a neqoxec
     6 | D        | Noticed a neqoxec
     7 | D        | Reached skill level 5 in Fighting
     7 | D        | Reached skill level 5 in Dodging
     7 | D        | Reached skill level 6 in Unarmed Combat
     7 | D        | Reached XP level 2. HP: 35/35 MP: 1/1
     7 | D        | Reached XP level 3. HP: 42/42 MP: 2/2
     7 | D        | Reached XP level 4. HP: 50/50 MP: 3/3
     7 | D        | Reached XP level 5. HP: 57/57 MP: 4/4
    10 | D        | Gained mutation: You occasionally lose the ability to read
                  | scrolls when taking damage. [a neqoxec]
    12 | D        | Killed a neqoxec
    13 | D        | Reached skill level 8 in Unarmed Combat
    13 | D        | Reached XP level 6. HP: 67/67 MP: 5/5
    14 | D        | Killed a neqoxec
    14 | D        | Reached ** piety under Trog
    15 | D        | Reached skill level 9 in Unarmed Combat
    17 | D        | Noticed a neqoxec
    25 | D        | Killed a neqoxec
    26 | D        | Reached XP level 7. HP: 70/78 MP: 6/6
    37 | D        | Reached skill level 10 in Unarmed Combat
    55 | D        | Reached *** piety under Trog
   112 | D        | Noticed a wyvern
   112 | D        | Noticed a wyvern
   118 | D        | Killed a wyvern
   119 | D        | Reached skill level 11 in Unarmed Combat
   121 | D        | Killed a wyvern
   122 | D        | Reached XP level 8. HP: 85/89 MP: 7/7
   175 | D        | Identified Roxanne's Incunable of the Volcano
   175 | D        | Noticed Roxanne
   188 | D        | Reached **** piety under Trog
   193 | D        | Reached skill level 12 in Unarmed Combat
   206 | D        | Found Evvoddy's Jewellery Emporium.
   206 | D        | Found Weutu's Book Shoppe.
   206 | D        | Found Vokhler's Assorted Antiques.
   207 | D        | Found Qop Xiwuate's Magic Scroll Emporium.
   207 | D        | Found Allusanu's Distillery.
   207 | D        | Found Lapucs's Distillery.
   207 | D        | Found Hoowiumn's Antique Armour Shoppe.
   208 | D        | Found Jass's Antique Armour Emporium.
   208 | D        | Found Ogoezeagy's Antique Weapon Shoppe.
   208 | D        | Found Aczy Jovay's Jewellery Shoppe.
   210 | D        | Found Jureqal's Distillery.
   210 | D        | Noticed a fire dragon
   211 | D        | Found Osehu's Book Shoppe.
   211 | D        | Found Ulurobb's Distillery.
   211 | D        | Noticed an oklob plant
   211 | D        | Noticed a polar bear
   212 | D        | Found Zassook's General Store.
   212 | D        | Found Lotytege's Book Shoppe.
   213 | D        | Noticed a polar bear
   225 | D        | Noticed an iron elemental
   279 | D        | Bought the amulet of the Healing Enemy {Reflect rPois Dex+2
                  | SH+5} for 499 gold pieces
   304 | D        | Reached ***** piety under Trog
   338 | D        | Noticed an orange crystal statue
   366 | D        | Noticed a flying skull
   389 | D        | Killed Roxanne
   390 | D        | Reached skill level 10 in Dodging
   390 | D        | Reached skill level 14 in Unarmed Combat
   390 | D        | Reached XP level 9. HP: 50/100 MP: 8/8
   419 | D        | Noticed Menkaure
   427 | D        | Killed Menkaure
   441 | D        | Noticed an obsidian statue
   451 | D        | Found Gucvask's Magic Scroll Boutique.
   537 | D        | Found a hazy altar of Hepliaklqana.
   537 | D        | Found a snail-covered altar of Cheibriados.
   588 | D        | Found a stormy altar of Qazlal.
   588 | D        | Found a viscous altar of Jiyva.
   588 | D        | Found a shadowy altar of Dithmenos.
   590 | D        | Found a sacrificial altar of Ru.
   590 | D        | Found an ancient bone altar of Kikubaaqudgha.
   590 | D        | Found a white marble altar of Elyvilon.
   591 | D        | Found an ornate altar of the Wu Jian Council.
   591 | D        | Found a shimmering blue altar of Sif Muna.
   591 | D        | Found a corrupted altar of Lugonu.
   592 | D        | Found a shimmering altar of Xom.
   592 | D        | Found a bloodstained altar of Trog.
   592 | D        | Found a burning altar of Makhleb.
   593 | D        | Found a glowing golden altar of the Shining One.
   593 | D        | Found a basalt altar of Yredelemnul.
   593 | D        | Found a hide-covered altar of Uskayaw.
   594 | D        | Noticed a polar bear
   596 | D        | Found a glowing silver altar of Zin.
   596 | D        | Found a radiant altar of Vehumet.
   596 | D        | Noticed a polar bear
   596 | D        | Noticed a polar bear
   601 | D        | Killed a polar bear
   602 | D        | Reached skill level 15 in Unarmed Combat
   608 | D        | Killed a polar bear
   608 | D        | Received a gift from Trog
   609 | D        | Reached skill level 10 in Fighting
   609 | D        | Noticed a yaktaur
   615 | D        | Killed a polar bear
   621 | D        | Killed a yaktaur
   622 | D        | Reached skill level 16 in Unarmed Combat
   696 | D        | Reached XP level 10. HP: 104/110 MP: 9/9
   711 | D        | Noticed a hell hog
   711 | D        | Noticed a hell hog
   715 | D        | Killed a hell hog
   716 | D        | Reached skill level 17 in Unarmed Combat
   717 | D        | Killed a hell hog
   760 | D        | Noticed a deep elf master archer
   766 | D        | Reached ****** piety under Trog
   774 | D        | Reached skill level 18 in Unarmed Combat
   880 | D        | Noticed a death drake
   882 | D        | Noticed a crystal guardian
   888 | D        | Found a blossoming altar of Fedhas.
   888 | D        | Found a sparkling altar of Nemelex Xobeh.
   891 | D        | Noticed a death drake
   891 | D        | Killed from afar by a crystal guardian

Illustrated notes

Levels and vault maps discovered:
D:        the_violet_keep_of_menkaure [sprint2_stairs_cluster_1,
          sprint2_shoproom, sprint2_temple, sprint2_basic_supplies,
          sprint2_obstacle_6, sprint2_obstacle_1, sprint2_obstacle_4,
          sprint2_obstacle_3, sprint2_obstacle_2, sprint2_timed_cluster_1,
          sprint2_smallroom_cluster_1, sprint2_smallroom_final_cluster_1,
          sprint2_transparent_cluster_1, sprint2_second_timed_cluster_1,
          sprint2_sniper_area_1, sprint2_heavy_combat_area_1,
          sprint2_mutation_trap_area_1, sprint2_forest_area_1,
          sprint2_light_combat_area_1, sprint2_behind_water_1,
          sprint2_near_end_vault_1]

Skill      XL: |  1  2  3  4  5  6  7  8  9 10 |
---------------+-------------------------------+-----
Fighting       | 5 6 7 8 9 10 | 10.6
Dodging        | 5 6 7 8 10 11 | 11.2
Unarmed Combat | 6 8 9 11 14 16 18 | 18.0
Stealth        | |  0.3
Shields        | |  0.4

Action                     |  1- 3 |  4- 6 |  7- 9 | 10-12 || total
---------------------------+-------+-------+-------+-------++-------
  Melee: Unarmed           |     3 |    16 |    89 |     9 ||   117
         Punch             |       |       |     6 |     2 ||     8
 Invoke: Berserk           |     1 |       |     3 |       ||     4
    Use: Potion            |       |       |     2 |     1 ||     3
         Scroll            |       |       |     1 |       ||     1
 Armour: Animal skin       |       |     1 |    15 |     3 ||    19
  Dodge: Dodged            |     1 |     5 |    49 |     6 ||    61
  Block: Other             |       |       |     5 |     1 ||     6

Table legend: (Time is in decaauts)
 A = Elapsed time spent in this place.
 B = Non-inter-level travel time spent in this place.
 C = Inter-level travel time spent in this place.
 D = Time resting spent in this place.
 E = Time spent auto-exploring this place.
 F = Levels seen in this place.
 G = Mean time per level.
                   A        B        C        D        E       F      G
               +--------+--------+--------+--------+--------+-----+--------+
         Total |    899 |    888 |     11 |    390 |      0 |   1 |  899.0 |
       Dungeon |    899 |    888 |     11 |    390 |      0 |   1 |  899.0 |
               +--------+--------+--------+--------+--------+-----+--------+

Top non-repeatable levels by time:
       D: 899 daAuts
